 Dungeon Crawl Stone Soup version 0.21-a0-163-g3aa3f5d (webtiles) character file.

93026 tehllama the Geomancer (level 16, -6/97 HPs)
             Began as a Gargoyle Earth Elementalist on Aug 4, 2017.
             Was a High Priest of Vehumet.
             Mangled by a molten gargoyle
             ... wielding a +0 mace
              (10 damage)
             ... on level 1 of the Elven Halls.
             The game lasted 02:13:23 (38881 turns).

tehllama the Geomancer (GrEE)                      Turns: 38881, Time: 02:13:24

Health: -6/97      AC: 24    Str: 12    XL:     16   Next: 7%
Magic:  4/30       EV: 19    Int: 27    God:    Vehumet [*****.]
Gold:   987        SH:  5    Dex: 15    Spells: 14/35 levels left

rFire    . . .     SeeInvis +   z - +5 morningstar (holy)
rCold    + . .     Gourm    .   C - +0 buckler
rNeg     + . .     Faith    .   X - +1 robe {Archmagi}
rPois    ∞         Spirit   .   n - +0 helmet
rElec    +         Reflect  .   Q - +2 cloak {rPois}
rCorr    .         Harm     .   W - +1 pair of gloves {Dex+3}
MR       ++...                  e - +1 pair of boots "Ewed" {rF- Int+4 Dex+2 SInv}
Stlth    ++........             (no amulet)
HPRegen  0.26/turn              u - ring of protection from magic
MPRegen  0.22/turn              q - ring "Sirphia" {rPois rF+ rC+}

@: flying, hasted, studying Dodging, very quick
A: big wings, negative energy resistance 1, electricity resistance, unbreathing,
petrification resistance, rot immunity, AC +11
a: Stop Flying, Renounce Religion


You were on level 1 of the Elven Halls.
You worshipped Vehumet.
Vehumet was extremely pleased with you.
You were very hungry.

You visited 5 branches of the dungeon, and saw 22 of its levels.
You also visited: Labyrinth and Volcano.

You collected 2174 gold pieces.
You spent 1187 gold pieces at shops.

Inventory:

Hand Weapons
 w - a cursed -1 whip
 z - a +5 morningstar of holy wrath (weapon)
Missiles
 b - 252 stones (quivered)
Armour
 e - the +1 pair of boots "Ewed" (worn) {rF- Int+4 Dex+2 SInv}
   (You bought it in a shop on level 10 of the Dungeon)

   It affects your intelligence (+4).
   It affects your dexterity (+2).
   It makes you vulnerable to fire.
   It lets you see invisible.
 n - a +0 helmet (worn)
 o - a +1 robe of fire resistance
 C - a +0 buckler (worn)
 Q - a +2 cloak of poison resistance (worn)
 W - a +1 pair of gloves of dexterity (worn)
 X - a +1 robe of the Archmagi (worn)
Magical Staves
 l - an uncursed staff of energy
Jewellery
 g - an uncursed ring of wizardry
 q - the ring "Sirphia" (right hand) {rPois rF+ rC+}
   (You found it in a labyrinth)

   [ring of protection from fire]

   It protects you from fire.
   It protects you from cold.
   It protects you from poison.
 u - a ring of protection from magic (left hand)
Wands
 f - a wand of digging (11/24)
 x - a wand of iceblast (6/15)
 J - a wand of acid (3/15)
Scrolls
 a - 3 scrolls of recharging
 c - 5 scrolls of teleportation
 j - a scroll of enchant armour
 r - 8 scrolls of remove curse
Potions
 k - 3 potions of berserk rage
 s - a potion of resistance {unknown}
 G - 2 potions of curing
 H - 2 potions of cancellation
 M - 3 potions of magic
 R - 2 potions of brilliance
Books
 v - a manual of Dodging
Miscellaneous
 D - a box of beasts
 Z - a sack of spiders
Comestibles
 d - 17 bread rations
 h - 11 meat rations
 m - 6 royal jellies


   Skills:
 + Level 9.9 Fighting
 + Level 9.2 Maces & Flails
 - Level 6.0 Armour
 + Level 9.8 Dodging
 - Level 2.1 Stealth
 - Level 4.4 Shields
 + Level 10.0 Spellcasting
 + Level 11.2 Conjurations
   Level 0.7 Transmutations
 + Level 10.5 Fire Magic
 + Level 13.3 Earth Magic
 + Level 8.1 Evocations


You had 14 spell levels left.
You knew the following spells:

 Your Spells              Type           Power        Failure   Level  Hunger
a - Sandblast             Erth           ######       0%          1    None
b - Stone Arrow           Conj/Erth      ######       1%          3    None
c - Lee's Rapid Deconstr  Erth           #######...   1%          5    ####...
d - Conjure Flame         Conj/Fire      #######.     1%          3    None
e - Bolt of Magma         Conj/Fire/Erth #######...   1%          5    ####...
f - Sticky Flame          Conj/Fire      #######.     1%          4    None


Dungeon Overview and Level Annotations

Branches:
Dungeon (12/15)            Temple (1/1) D:7            Lair (6/6) D:11
 Shoals (0/4) Lair:2        Snake (0/4) Lair:3        Slime (0/5) Lair:5
    Orc (2/2) D:12            Elf (1/3) Orc:2

Altars:
Ashenzari
Cheibriados
Dithmenos
Elyvilon
Fedhas
Gozag
Hepliaklqana
Kikubaaqudgha
Makhleb
Nemelex Xobeh
Okawaru
Qazlal
Ru
Sif Muna
Trog
Uskayaw
Vehumet
Wu Jian
Xom
Yredelemnul
Zin
The Shining One
Beogh
Jiyva

Shops:
D:7 ?[   D:9 *[   D:10 [[=   D:12 (   Orc:1 :[(   Orc:2 *(*[}

Annotations:
D:10 boots


Innate Abilities, Weirdness & Mutations

You are resistant to torment.
Your stone body is resilient. (AC +11)
You are immune to poison.
Your large and strong wings let you fly indefinitely.
You resist negative energy. (rN+)
You are resistant to electric shocks. (rElec)
You can survive without breathing.
You are immune to petrification.
You are immune to rotting.


Message History

The molten gargoyle hits you with a mace.
* * * LOW HITPOINT WARNING * * *
You are engulfed in flames!
* * * LOW HITPOINT WARNING * * *
Your worker ant barely misses the molten gargoyle.
The water elemental hits your soldier ant.
The molten gargoyle blasts magma at you!
The bolt of magma hits you!
* * * LOW HITPOINT WARNING * * *
Your soldier ant completely misses the water elemental.
Quiver which item? (- for none, * to show all) (? for menu, Esc to quit)
Okay, then.
You feel better.
Your soldier ant dies!
Your soldier ant's corpse disappears in a puff of smoke!
Your worker ant bites the molten gargoyle but does no damage.
The molten gargoyle hits you with a mace!
* * * LOW HITPOINT WARNING * * *
You are engulfed in flames!
You die...

##.## ##.## ##.##
##.## .'## #####
..## #...# ...#
###...###
).(#######......a#
(((§(....'.e..e9@#
...#######....§9.#
..(# ###.aE###
..## #...# .##
##### ##


You could see 2 deep elf archers, a water elemental, 2 molten gargoyles, a
friendly soldier ant and a friendly worker ant.

Vanquished Creatures
  Saint Roka (Orc:1)
  A deep elf elementalist (Elf:1)
  A deep elf sorcerer (Elf:1)
  Nessos (Orc:2)
  A dire elephant (Lair:5)
  A minotaur (Lab)
  Fannar (Lair:3)
  Erolcha (D:10)
  5 hydras
  A catoblepas (Lair:6)
  A death knight (D:11)
  Erica (D:9)
  A centaur warrior (D:12)
  3 dancing weapons
  2 two-headed ogres
  3 orc high priests
  A deep elf knight (Elf:1)
  2 skeletal warriors (D:11)
  6 wizards
  A deep elf archer (Elf:1)
  An orc knight (Orc:1)
  7 deep elf magi (Elf:1)
  A cyclops (Orc:1)
  5 orc sorcerers
  A wolf spider (Orc:1)
  A merfolk siren (Lair:2)
  Joseph (D:7)
  27 elephants (Lair:5)
  5 toenail golems (Volcano)
  A gargoyle (D:7)
  2 molten gargoyles (Elf:1)
  4 black mambas
  Psyche (D:10)
  22 spiny frogs
  A rime drake (Lair:2)
  7 komodo dragons
  A tengu conjurer (Elf:1)
  A queen bee (shapeshifter) (Elf:1)
  3 minotaur zombies (Lab)
  7 polar bears
  5 tyrant leeches (Lair:6)
  6 trolls
  A hornet (D:10)
  6 slime creatures (D:12)
  26 blink frogs
  8 hippogriffs
  A water elemental (Elf:1)
  3 air elementals (Elf:1)
  2 vampires
  5 wyverns
  2 spriggans
  39 yaks
  A basilisk (Lair:6)
  3 hungry ghosts
  6 vampire mosquitoes (Lair:6)
  Menkaure (D:6)
  2 wargs (Orc:2)
  6 swamp worms (Lair:2)
  10 water moccasins
  12 porcupines
  32 orc warriors
  3 ice beasts
  3 sky beasts
  12 black bears
  2 necrophages (D:7)
  4 phantoms
  A boggart (Elf:1)
  11 ogres
  3 wolves (Lair:3)
  7 centaurs
  17 crocodiles
  3 big kobolds
  Blork the orc (D:4)
  34 bullfrogs
  An earth elemental (Elf:1)
  2 scorpions
  A troll zombie (D:12)
  9 killer bees
  10 wights
  10 howler monkeys
  8 crimson imps
  3 centaur zombies
  A lava snake (Elf:1)
  2 quasits
  A bullfrog zombie (D:10)
  3 hounds
  4 jellies
  21 orc wizards
  A gnoll shaman (D:6)
  24 orc priests
  Crazy Yiuf (D:3)
  2 bullfrog skeletons
  An iguana (D:6)
  8 worker ants
  Natasha (twice) (D:3)
  7 hell rats (Lair:5)
  5 ogre zombies (D:12)
  A hound skeleton (D:5)
  A worker ant zombie (D:11)
  16 adders
  11 gnolls
  3 shadow imps
  An ooze (D:3)
  An adder skeleton (D:7)
  16 worms
  4 dart slugs
  3 leopard geckos
  97 orcs
  6 giant cockroaches
  4 goblins
  9 hobgoblins
  13 jackals
  24 kobolds
  3 quokkas
  10 bats
  7 frilled lizards
  3 goblin skeletons (D:12)
  2 goblin zombies (D:12)
  4 hobgoblin zombies (D:12)
  A leopard gecko skeleton (D:5)
  3 orc skeletons (D:12)
  7 orc zombies (D:12)
  5 rats
  2 fungi (D:11)
  3 plants
799 creatures vanquished.

Vanquished Creatures (others)
  125 fungi
  96 plants
221 creatures vanquished.

Grand Total: 1020 creatures vanquished

Notes
Turn   | Place    | Note
-------+----------+-------------------------------------------
     0 | D:1      | tehllama the Gargoyle Earth Elementalist began the quest for the Orb.
     0 | D:1      | Reached XP level 1. HP: 10/10 MP: 3/3
   335 | D:1      | Reached XP level 2. HP: 12/15 MP: 5/5
   368 | D:1      | Reached skill level 4 in Earth Magic
  1310 | D:1      | Reached XP level 3. HP: 14/19 MP: 6/6
  1315 | D:1      | Learned a level 3 spell: Stone Arrow
  2243 | D:2      | Reached skill level 1 in Conjurations
  3071 | D:3      | Reached XP level 4. HP: 17/24 MP: 5/8
  3158 | D:3      | Found a blossoming altar of Fedhas.
  3309 | D:3      | Found a faded altar of an unknown god.
  3728 | D:2      | Reached skill level 5 in Earth Magic
  4139 | D:3      | Reached XP level 5. HP: 27/28 MP: 9/9
  4146 | D:3      | Found a runed door.
  4150 | D:3      | Noticed Crazy Yiuf
  4171 | D:3      | Killed Crazy Yiuf
  4213 | D:3      | Noticed Natasha
  4218 | D:3      | Killed Natasha
  4559 | D:3      | Noticed Natasha
  4565 | D:3      | Killed Natasha
  4751 | D:4      | Noticed an ogre
  4756 | D:4      | Killed an ogre
  4756 | D:4      | Reached XP level 6. HP: 32/32 MP: 5/12
  4763 | D:4      | Learned a level 5 spell: Lee's Rapid Deconstruction
  4829 | D:4      | Noticed Blork the orc
  4836 | D:4      | Killed Blork the orc
  4836 | D:4      | Reached skill level 6 in Earth Magic
  4988 | D:4      | Reached XP level 7. HP: 34/36 MP: 10/13
  5240 | D:3      | Reached skill level 7 in Earth Magic
  5415 | D:4      | Found an opulent altar of Gozag.
  5589 | D:5      | Entered Level 5 of the Dungeon
  5603 | D:5      | Reached XP level 8. HP: 42/42 MP: 13/15
  5748 | D:5      | Found a sparkling altar of Nemelex Xobeh.
  5758 | D:5      | Reached skill level 5 in Spellcasting
  5973 | D:5      | Reached skill level 1 in Fighting
  5973 | D:5      | Reached skill level 1 in Maces & Flails
  5973 | D:5      | Reached skill level 1 in Armour
  5973 | D:5      | Reached skill level 5 in Conjurations
  6551 | D:6      | Reached skill level 1 in Shields
  7002 | D:6      | Noticed Menkaure
  7011 | D:6      | Killed Menkaure
  7397 | D:6      | Reached XP level 9. HP: 38/48 MP: 17/17
  7761 | D:6      | Reached skill level 8 in Earth Magic
  7805 | D:6      | Reached skill level 1 in Evocations
  7944 | D:6      | Found a shimmering altar of Xom.
  7944 | D:6      | Found a shimmering altar of Xom.
  7945 | D:6      | Found a shimmering altar of Xom.
  7952 | D:6      | Found a shimmering altar of Xom.
  7953 | D:6      | Found a shimmering altar of Xom.
  7953 | D:6      | Found a shimmering altar of Xom.
  8190 | D:7      | Noticed Joseph
  8198 | D:7      | Killed Joseph
  8313 | D:7      | Noticed a gargoyle
  8315 | D:7      | Killed a gargoyle
  8439 | D:7      | Found a sparkling altar of Nemelex Xobeh.
  8469 | D:7      | Found a staircase to the Ecumenical Temple.
  8476 | Temple   | Entered the Ecumenical Temple
  8685 | Temple   | Became a worshipper of Vehumet
  8735 | D:7      | Found Ezae's Antique Armour Shop.
  8790 | D:7      | Bought a runed robe for 88 gold pieces
  9025 | D:7      | Reached XP level 10. HP: 50/56 MP: 2/19
  9453 | D:7      | Found Qibu's Magic Scroll Boutique.
  9494 | D:7      | Bought a scroll of remove curse for 30 gold pieces
  9545 | D:8      | Reached * piety under Vehumet
  9545 | D:8      | Offered knowledge of Freeze by Vehumet.
  9664 | D:8      | Found a radiant altar of Vehumet.
 10017 | D:8      | Noticed a two-headed ogre
 10021 | D:8      | Killed a two-headed ogre
 10021 | D:8      | Reached skill level 9 in Earth Magic
 10072 | D:8      | Got an encrusted ring mail
 10099 | D:8      | Identified the cursed +1 ring mail "Jynyclerch" {+Blink rCorr Int-3} (You found it on level 8 of the Dungeon)
 10193 | D:8      | Found a stormy altar of Qazlal.
 10193 | D:8      | Found a sparkling altar of Nemelex Xobeh.
 10201 | D:8      | Found a basalt altar of Yredelemnul.
 10209 | D:8      | Found a shattered altar of Ashenzari.
 10210 | D:8      | Found a sacrificial altar of Ru.
 11106 | D:9      | Found Jeplynew's Antique Armour Boutique.
 11115 | D:9      | Noticed Erica
 11125 | D:9      | Killed Erica
 11125 | D:9      | Reached skill level 5 in Armour
 11125 | D:9      | Reached XP level 11. HP: 24/62 MP: 13/20
 11351 | D:9      | Bought a glowing cloak for 255 gold pieces
 11406 | D:9      | Reached ** piety under Vehumet
 11708 | D:9      | Offered knowledge of Shock by Vehumet.
 11922 | D:9      | Found Wiluu's Assorted Antiques.
 12394 | D:9      | Found Qutriary's Food Shop.
 12491 | D:10     | Entered Level 10 of the Dungeon
 12550 | D:10     | Noticed Erolcha
 12560 | D:10     | Killed Erolcha
 12560 | D:10     | Reached skill level 5 in Fighting
 12684 | D:10     | Noticed Psyche
 12700 | D:10     | Found Curghyir's Antique Armour Emporium.
 12796 | D:10     | Bought an ichor-stained leather armour for 203 gold pieces
 12796 | D:10     | Bought a pair of runed gloves for 217 gold pieces
 12806 | D:10     | Identified the +3 leather armour of Gravitas {rC+ Regen+} (You bought it in a shop on level 10 of the Dungeon)
 12839 | D:10     | Found Synefod's Armour Shoppe.
 12857 | D:10     | Identified the Grimoire of Curses and Attacks
 12863 | D:10     | Learned a level 3 spell: Conjure Flame
 13070 | D:10     | Found a sacrificial altar of Ru.
 13125 | D:10     | Found Kusaid's Jewellery Boutique.
 13345 | D:10     | Killed Psyche
 13345 | D:10     | Reached skill level 1 in Fire Magic
 13420 | D:10     | Offered knowledge of Dazzling Spray by Vehumet.
 13815 | D:11     | Reached *** piety under Vehumet
 13956 | D:11     | Reached skill level 5 in Maces & Flails
 14072 | D:10     | Reached skill level 10 in Earth Magic
 14245 | D:11     | Offered knowledge of Force Lance by Vehumet.
 14505 | D:11     | Noticed a death knight
 14507 | D:11     | Noticed a skeletal warrior
 14508 | D:11     | Noticed a skeletal warrior
 14653 | D:11     | Reached skill level 5 in Dodging
 15031 | D:11     | Reached **** piety under Vehumet
 15145 | D:11     | Noticed a two-headed ogre
 15149 | D:11     | Killed a two-headed ogre
 15149 | D:11     | Reached XP level 12. HP: 70/70 MP: 13/22
 15474 | D:11     | Found a staircase to the Lair.
 15588 | D:11     | Killed a death knight
 15832 | D:11     | Offered knowledge of Bolt of Magma by Vehumet.
 15960 | Lair:1   | Entered Level 1 of the Lair of Beasts
 16292 | Lair:1   | Noticed a seven-headed hydra
 16301 | Lair:1   | Killed a seven-headed hydra
 17464 | Lair:2   | Reached skill level 5 in Evocations
 17519 | Lair:2   | Found a labyrinth entrance.
 17539 | Lair:2   | Reached skill level 5 in Fire Magic
 17544 | Lab      | Entered a labyrinth
 18489 | Lab      | Noticed a minotaur
 18495 | Lab      | Killed a minotaur
 18539 | Lab      | Got a scorched jade ring
 18800 | Lair:2   | Learned a level 5 spell: Bolt of Magma
 19037 | Lair:2   | Found a staircase to the Shoals.
 19279 | Lair:2   | Reached skill level 11 in Earth Magic
 19300 | Lair:2   | HP: 1/72 [swamp worm (5)]
 19337 | Lair:2   | Reached XP level 13. HP: 30/76 MP: 3/24
 19783 | Lair:2   | Got a flickering turquoise ring
 19819 | Lair:2   | Identified the ring of Temptation {rElec rN+ MR+ Dex-5} (You found it on level 2 of the Lair of Beasts)
 19821 | Lair:2   | Identified the ring "Sirphia" {rPois rF+ rC+} (You found it in a labyrinth)
 20657 | Lair:3   | Reached ***** piety under Vehumet
 20794 | Lair:3   | Offered knowledge of Conjure Ball Lightning by Vehumet.
 21378 | Lair:3   | Found a staircase to the Snake Pit.
 21658 | Lair:3   | Noticed Fannar
 21668 | Lair:3   | Killed Fannar
 24234 | Lair:5   | Gained mutation: Your large and strong wings let you fly indefinitely. [Gargoyle growth]
 24234 | Lair:5   | Reached XP level 14. HP: 84/84 MP: 7/26
 25048 | Lair:5   | Found a viscous altar of Jiyva.
 25292 | Lair:5   | Found a staircase to the Slime Pits.
 25386 | Lair:5   | Reached skill level 10 in Conjurations
 25415 | Lair:5   | Noticed a dire elephant
 25733 | Lair:5   | Killed a dire elephant
 25806 | Lair:5   | Reached skill level 12 in Earth Magic
 26475 | Lair:6   | Entered Level 6 of the Lair of Beasts
 28382 | Lair:6   | Offered knowledge of Sticky Flame by Vehumet.
 28510 | Lair:6   | Learned a level 4 spell: Sticky Flame
 28694 | Lair:6   | Reached XP level 15. HP: 90/90 MP: 22/28
 29094 | Lair:6   | Identified a scroll of acquirement
 29549 | D:10     | Bought the +1 pair of boots "Ewed" {rF- Int+4 Dex+2 SInv} for 394 gold pieces
 30060 | D:12     | Found a staircase to the Orcish Mines.
 30173 | D:12     | Found Rinub's Antique Weapon Boutique.
 30799 | Orc:1    | Entered Level 1 of the Orcish Mines
 30951 | Orc:2    | Entered Level 2 of the Orcish Mines
 31007 | Orc:2    | Noticed Nessos
 31014 | Orc:2    | Killed Nessos
 31163 | Orc:2    | Found a dark tunnel.
 31217 | Volcano  | Entered a volcano
 31771 | Orc:2    | Found a roughly hewn altar of Beogh.
 31794 | Orc:2    | Found Witzes's Gadget Shoppe.
 32213 | Orc:2    | Noticed Saint Roka
 32378 | Orc:1    | Offered knowledge of Bolt of Cold by Vehumet.
 33559 | Orc:1    | Reached skill level 13 in Earth Magic
 33738 | Orc:1    | Found Jintusy's Antique Weapon Boutique.
 33830 | Orc:1    | Found Qicousis's Book Shop.
 34438 | Orc:1    | Reached skill level 10 in Fire Magic
 34525 | Orc:1    | Found Fucku's Armour Boutique.
 34714 | Orc:1    | Found a roughly hewn altar of Beogh.
 35900 | Orc:1    | Killed Saint Roka
 36469 | Orc:2    | Found a roughly hewn altar of Beogh.
 36470 | Orc:2    | Found Wargheopp's Antique Armour Boutique.
 36470 | Orc:2    | Found Dulib's Antique Weapon Shop.
 36682 | Orc:2    | Found a roughly hewn altar of Beogh.
 36684 | Orc:2    | Found Coraajar's General Store.
 37215 | Orc:2    | Found a staircase to the Elven Halls.
 37228 | Orc:2    | Found a roughly hewn altar of Beogh.
 37229 | Orc:2    | Found Voholulu's Assorted Antiques.
 37491 | Elf:1    | Entered Level 1 of the Elven Halls
 37928 | Elf:1    | Noticed a deep elf elementalist
 37934 | Elf:1    | Killed a deep elf elementalist
 38100 | Elf:1    | Offered knowledge of Bolt of Fire by Vehumet.
 38136 | Elf:1    | Noticed a deep elf sorcerer
 38376 | Elf:1    | Killed a deep elf sorcerer
 38376 | Elf:1    | Reached XP level 16. HP: 97/97 MP: 9/29
 38553 | Elf:1    | Reached skill level 10 in Spellcasting
 38880 | Elf:1    | HP: 2/97 [molten gargoyle/bolt of magma (7)]
 38881 | Elf:1    | Mangled by a molten gargoyle

Vault maps used:
D:1:      roderic_lyre
D:2:      first_bread
D:3:      nicolae_overflow_crystal_walls, chequers_ecumenical_altar_island,
          uniq_crazy_yiuf_cottage, uniq_natasha
D:4:      grunt_gozag_breadcrumbs, uniq_blork_the_orc
D:5:      basic_altar
D:6:      xom_redecorated, minivault_1, uniq_menkaure
D:7:      minmay_temple_entry_mist, serial_shops, shop, nicolae_shop_crystal,
          basic_altar, uniq_joseph
D:8:      chequers_temple_overflow_minitemple, the_bakery, vehumet_altar_wand_db
D:9:      serial_shops, nicolae_shop_stone, nicolae_shop_waterfront,
          kennysheep_mini, uniq_erica
D:10:     basic_altar, serial_shops, shop, shop, nicolae_shop_statue_plus,
          hangedman_decor_lopped, minmay_strange_pillars, minivault_26,
          uniq_erolcha, uniq_psyche
D:11:     due_lair_maze_entry_diamond
D:12:     zombieorc1_lemuel, serial_shops,
          nicolae_shop_temple_entry_statues_fountains
Temple:   regret_index_temple_generic_petals
Lair:1:   beast_lair_carwin_large_3
Lair:2:   minmay_shoals_entry_lonely_mermaid, lab_entry_generic, minivault_26,
          worms_lemuel
Lair:3:   minmay_snake_entry_six_corridors, serial_bayou_pond_b, uniq_fannar
Lair:5:   mu_elephants_graveyard, slime_altar_1
Lair:6:   minmay_lair_end_frog_pond, grunt_megastairs_3
Orc:1:    serial_shops, nicolae_shop_waterfront, nicolae_shop_stone,
          nicolae_shop_crystal, minmay_orc_temple_a
Orc:2:    grunt_orc_community_town_hall, grunt_orc_community_big_house_1,
          grunt_orc_community_big_house_1, grunt_orc_community_house_1,
          grunt_orc_community_house_2, grunt_orc_community_house_3,
          grunt_orc_community_house_1, enter_volcano_1, serial_shops, shop,
          uniq_nessos
Elf:1:    hangedman_elf_disciples, minivault_8
Lab:      labyrinth_hidden_loot
Volcano:  volcano_bunker

Skill      XL: |  1  2  3  4  5  6  7  8  9 10 11 12 13 14 15 16 |
---------------+-------------------------------------------------+-----
Earth Magic    | 4 5 6 7 8 9 10 11 12 13 | 13.3
Conjurations   | 1 2 3 4 5 6 7 8 9 10 11 | 11.2
Spellcasting   | 3 4 5 6 7 8 9 10 | 10.0
Dodging        | 2 3 4 5 6 7 8 9 |  9.8
Fighting       | 2 3 4 6 7 8 9 |  9.9
Maces & Flails | 2 3 4 5 6 7 8 9 |  9.2
Armour         | 2 3 5 6 |  6.0
Shields        | 2 3 4 |  4.4
Evocations     | 2 3 4 5 6 7 8 |  8.1
Fire Magic     | 3 5 7 9 10 | 10.5
Stealth        | |  2.1
Transmutations | |  0.7

Action                   |  1- 3 |  4- 6 |  7- 9 | 10-12 | 13-15 | 16-18 || total
-------------------------+-------+-------+-------+-------+-------+-------++-------
Melee: Dagger            |    27 |       |       |       |       |       ||    27
       Unarmed           |     7 |       |       |       |       |       ||     7
       Club              |   114 |       |       |       |       |       ||   114
       Mace              |    38 |       |       |       |       |       ||    38
       Flail             |       |   128 |   279 |   550 |    36 |       ||   993
       Morningstar       |       |       |       |       |   249 |       ||   249
Throw: Stone             |       |       |       |       |     2 |       ||     2
 Cast: Sandblast         |    15 |    35 |    68 |   190 |   116 |     1 ||   425
       Stone Arrow       |     1 |     5 |    22 |   185 |   566 |     2 ||   781
       Lee's Rapid Decon |       |       |     3 |    17 |    67 |     8 ||    95
       Conjure Flame     |       |       |       |     7 |     3 |       ||    10
       Bolt of Magma     |       |       |       |     5 |   147 |    10 ||   162
 Abil: Fly               |       |       |       |       |     1 |       ||     1
Evoke: Wand              |       |       |       |     6 |     6 |       ||    12
       Sack of spiders   |       |       |       |       |     1 |     1 ||     2
       Box of beasts     |       |       |       |       |     1 |       ||     1
  Use: Scroll            |       |     5 |     6 |    23 |     8 |       ||    42
       Potion            |       |       |       |     1 |     4 |     3 ||     8
 Stab: Sleeping          |     3 |     2 |     3 |     3 |       |       ||    11
       Distracted        |       |       |       |       |     2 |       ||     2
  Eat: Chunk             |     7 |     7 |    13 |    34 |    73 |     3 ||   137
       Fruit             |       |       |     2 |     8 |    11 |       ||    21
       Royal jelly       |       |       |       |       |     2 |       ||     2
       Bread ration      |       |       |       |       |     1 |       ||     1
Armor: Robe              |    64 |    66 |   164 |   207 |   260 |     8 ||   769
       Leather armour    |       |       |       |   149 |       |       ||   149
       Troll leather arm |       |       |       |    14 |       |       ||    14
Dodge: Dodged            |   159 |   123 |   256 |   561 |   590 |    57 ||  1746
Block: Buckler           |       |       |       |   173 |   180 |    12 ||   365
